 Dungeon Crawl Stone Soup version 0.27-a0-1196-g3e9cee4cb2 (webtiles) character file.

Game seed: 6625573043248743462

104 funkygono the Magician (level 5, -1/35 HPs)
             Began as a Djinni Fire Elementalist on May 29, 2021.
             Slain by a jelly (2 damage)
             ... on level 3 of the Dungeon.
             The game lasted 00:04:21 (2293 turns).

funkygono the Magician (Djinni Fire Elementalist)   Turns: 2293, Time: 00:04:21

Health: -1/35      AC:  2    Str: 13    XL:     5   Next: 7%
Gold:   52         EV: 12    Int: 18    God:
                   SH:  0    Dex: 13

rFire    + + .     SeeInvis .   b - +2 dagger (venom)
rCold    x . .     Faith    .   (no shield)
rNeg     . . .     Spirit   .   a - +0 robe
rPois    ∞         Reflect  .   (no helmet)
rElec    .         Harm     .   (no cloak)
rCorr    .         Rampage  .   (no gloves)
Will     .....                  (boots unavailable)
Stlth    ++........             (no amulet)
HPRegen  0.11/turn              e - +6 ring of strength
MPRegen  0.00/turn              (no ring)

@: flying
A: sickness immunity, fire resistance 2, cold vulnerability 1, float, innate
caster, hp casting, extra vitality 1
a: no special abilities


You were on level 3 of the Dungeon.
You visited 1 branch of the dungeon, and saw 3 of its levels.

You collected 52 gold pieces.

Inventory:

Hand Weapons
 b - a +2 dagger of venom (weapon)
 f - a +1 short sword of freezing
Missiles
 h - 22 stones
Armour
 a - a +0 robe (worn)
 i - a +0 buckler
Jewellery
 e - a +6 ring of strength (left hand)
Scrolls
 g - a scroll of teleportation
 j - a scroll of identify {unknown}
Potions
 c - a potion of cancellation {unknown}
 d - a potion of curing
 k - a potion of flight {unknown}


   Skills:
 + Level 2.4 Dodging
 + Level 2.0 Stealth
 * Level 4.0 Spellcasting


You couldn't memorise any spells.
You knew the following spells:

 Your Spells              Type           Power      Damage    Failure   Level
a - Foxfire               Conj/Fire      72%        2x1d7     2%          1
b - Conjure Flame         Conj/Fire      18%        6-21      9%          3
c - Inner Flame           Hex/Fire       18%        N/A       9%          3
d - Sticky Flame          Conj/Fire      18%        2d4       28%         4
e - Fireball              Conj/Fire      9%         3d6       61%         5
f - Freeze                Ice            72%        1d9       2%          1
g - Corpse Rot            Necr/Air       N/A        N/A       4%          2
Your spell library was empty.

Dungeon Overview and Level Annotations

Branches:
Dungeon (3/15)

Altars:


Innate Abilities, Weirdness & Mutations

You are immune to sickness and miasma.
You are immune to poison.
Your flesh is very heat resistant. (rF++)
You are vulnerable to cold. (rC-)
You float through the air rather than walking.
You learn spells naturally, not from books.
Your magical power is your life essence.
You have superior vitality. (+4 HP)


Message History

You hit the kobold.
You kill the kobold!
A jelly comes into view.
The jelly closely misses you.
Your Spellcasting skill increases to level 4!
You barely miss the jelly. The jelly hits you but does no damage.
You hit the jelly but do no damage. The acid corrodes you!
Your hands burn!
The jelly hits you. The acid corrodes you!
You are splashed with acid!
Casting: Foxfire (safe; 2% risk of failure)
Confirm with . or Enter, or press ? or * to list all spells.
You conjure some foxfire!
The jelly hits you.
You are splashed with acid!
The jelly hits you.
You are splashed with acid!
* * * LOW HITPOINT WARNING * * *
Your foxfire dissipates!
Your foxfire dissipates!
The jelly jiggles.
Okay, then.
It was a potion of curing.
You feel better. The jelly hits you.
* * * LOW HITPOINT WARNING * * *
You are splashed with acid!
* * * LOW HITPOINT WARNING * * *
The jelly jiggles.
You are no longer corroded.
Found 32 stones.
The jelly jiggles.
The jelly jiggles.
Casting: Foxfire (safe; 2% risk of failure)
Confirm with . or Enter, or press ? or * to list all spells.
You conjure some foxfire!
The jelly hits you.
You are splashed with acid!
* * * LOW HITPOINT WARNING * * *
The foxfire hits the jelly.
The jelly is lightly wounded.
The foxfire hits the jelly.
The jelly is heavily wounded.
Casting: Foxfire (safe; 2% risk of failure)
Confirm with . or Enter, or press ? or * to list all spells.
You conjure some foxfire!
* * * LOW HITPOINT WARNING * * *
The jelly hits you.
You die...

############ #..........#
#..#######.#
##Jv.######.#######
###########.@................
##...........v...#.###.#######
##...#########...#..# #.# #
#...............###.# #.#######
#.....#######....#.....#.......
#..÷..# #...#.#####.#######
#>...## #...### #.. ....#.##
#....( #.# #####.# #..##.. #.#


You could see a jelly (ally target).

Vanquished Creatures
  Natasha (D:2)
  Jessica (D:2)
  An adder (D:2)
  A dart slug (D:2)
  6 bats
  4 endoplasms
  2 giant cockroaches
  3 goblins
  4 hobgoblins
  4 jackals (D:2)
  A kobold (D:3)
  2 quokkas
  3 ball pythons
  A frilled lizard (D:2)
  3 rats
37 creatures vanquished.

Vanquished Creatures (others)
  91 foxfires
91 creatures vanquished.

Grand Total: 128 creatures vanquished

Notes
Turn   | Place    | Note
-------+----------+-------------------------------------------
     0 | D:1      | funkygono the Djinni Fire Elementalist began the quest for
                  | the Orb.
     0 | D:1      | Reached XP level 1. HP: 15/15 MP: 0/0
   255 | D:1      | Reached XP level 2. HP: 20/21 MP: 0/0
   426 | D:1      | Found a faded altar of an unknown god.
   890 | D:2      | Noticed Natasha
   896 | D:2      | Noticed a crimson imp
   896 | D:2      | Killed Natasha
   897 | D:2      | Reached skill level 3 in Spellcasting
   897 | D:2      | Reached XP level 3. HP: 19/25 MP: 0/0
   897 | D:2      | Learned a level 1 spell: Freeze
   973 | D:2      | Reached XP level 4. HP: 29/31 MP: 0/0
  1556 | D:2      | Noticed Jessica
  1561 | D:2      | Killed Jessica
  1979 | D:3      | Reached XP level 5. HP: 33/35 MP: 0/0
  1979 | D:3      | Learned a level 2 spell: Corpse Rot
  2163 | D:3      | Reached skill level 4 in Spellcasting
  2177 | D:3      | HP: 1/35 [acid (7)]
  2293 | D:3      | Slain by a jelly

Illustrated notes

Levels and vault maps discovered:
D:1:      ncdulo_lavacross, layout_basic, hellmonk_ecumenical_altar_heavens_door
D:2:      layout_basic, uniq_jessica, uniq_natasha
D:3:      minmay_inner_zag, layout_loops_ring

Skill      XL: |  1  2  3  4  5 |
---------------+----------------+-----
Spellcasting   | 3 4 |  4.0
Stealth        | 2 |  2.0
Dodging        | |  2.4

Action                   |  1- 3 |  4- 6 || total
-------------------------+-------+-------++-------
Melee: Dagger            |     1 |     5 ||     6
 Cast: Foxfire           |    23 |    36 ||    59
       Corpse Rot        |       |     1 ||     1
  Use: Scroll            |     3 |     2 ||     5
       Potion            |       |     1 ||     1
Armor: Robe              |       |     5 ||     5
Dodge: Dodged            |     5 |     7 ||    12

Table legend: (Time is in decaauts)
 A = Elapsed time spent in this place.
 B = Non-inter-level travel time spent in this place.
 C = Inter-level travel time spent in this place.
 D = Time resting spent in this place.
 E = Time spent auto-exploring this place.
 F = Levels seen in this place.
 G = Mean time per level.
                   A        B        C        D        E       F      G
               +--------+--------+--------+--------+--------+-----+--------+
         Total |   2291 |   2249 |     42 |      0 |   1805 |   3 |  763.7 |
       Dungeon |   2291 |   2249 |     42 |      0 |   1805 |   3 |  763.7 |
               +--------+--------+--------+--------+--------+-----+--------+

Top non-repeatable levels by time:
     D:2: 1179 daAuts
     D:1: 690 daAuts
     D:3: 421 daAuts
